[Event "94th FRA-ch Open A 2019"]
[Site "Chartres"]
[Date "2019.08.24"]
[Round "8.3"]
[White "Mahieu, Luc"]
[Black "Haie, Arnaud"]
[Result "0-1"]
[ECO "B47"]
[WhiteElo "2084"]
[BlackElo "2130"]
[Annotator "NA"]
[PlyCount "112"]
[EventDate "2019.08.17"]
[EventType "swiss"]
[EventCountry "FRA"]
[SourceTitle "playchess.com"]
[Source "ChessBase"]
[SourceQuality "1"]
[TimeControl "40/5400+30:1800+30"]

1. e4 c5 2. Nf3 e6 3. d4 cxd4 4. Nxd4 Nc6 5. Nc3 Qc7 6. f4 Nxd4 7. Qxd4 b6 8. Be3 Nf6 9. Be2 Bb7 10. O-O-O Rc8 11. Qd3 Bb4 12. Nb5 Qb8 13. Bf3 d5 14. Nd4 O-O 15. e5 Ne4 16. Kb1 Nc5 17. Qe2 Ba6 18. Qf2 Na4 19. Qg3 Qc7 20. f5 Rfe8 21. f6 g6 22. Qf4 Qc5 23. Qh6 Qf8 24. Qxf8+ Bxf8 25. h4 h6 26. g4 Nc5 27. Rhg1 Nd7 28. Bf4 Rc4 29. c3 b5 30. Be2 Ra4 31. b3 Ra3 32. Bc1 b4 33. Bxa3 Bxe2 34. Nxe2 bxa3 35. Nd4 Nxe5 36. g5 Rc8 37. Rg3 Bd6 38. gxh6 Nd7 39. Rf3 Be5 40. h5 g5 41. Ne2 Nxf6 42. Kc2 Ne4 43. h7+ Kg7 44. Nd4 g4 45. Re3 Kxh7 46. Rdd3 Kh6 47. b4 Bxd4 48. Rxd4 f5 49. Kb3 f4 50. Rexe4 dxe4 51. Rxe4 Rf8 52. c4 g3 53. Rxe6+ Kxh5 54. c5 g2 55. Re7 g1=Q 56. Rh7+ Kg6 0-1

[Event "94th FRA-ch Open A 2019"]
[Site "Chartres"]
[Date "2019.08.24"]
[Round "8.4"]
[White "Meunier-Pion, Jean"]
[Black "Spitz, Patrick"]
[Result "0-1"]
[ECO "B40"]
[WhiteElo "2193"]
[BlackElo "2008"]
[Annotator "NA"]
[PlyCount "158"]
[EventDate "2019.08.17"]
[EventType "swiss"]
[EventCountry "FRA"]
[SourceTitle "playchess.com"]
[Source "ChessBase"]
[SourceQuality "1"]
[TimeControl "40/5400+30:1800+30"]

1. e4 c5 2. Nf3 e6 3. d3 Nc6 4. g3 a6 5. Bg2 Nf6 6. O-O Be7 7. Qe2 d5 8. e5 Nd7 9. c4 d4 10. h4 h6 11. h5 Qc7 12. Re1 b5 13. Na3 Rb8 14. Bf4 Na5 15. Nd2 Bb7 16. Qg4 Kf8 17. f3 Bc6 18. cxb5 axb5 19. Rac1 Qb6 20. Qh3 Bd5 21. Ne4 c4 22. Nd6 c3 23. bxc3 Bxd6 24. exd6 dxc3+ 25. Kh2 b4 26. Qh4 Qd8 27. Qe7+ Qxe7 28. dxe7+ Kxe7 29. Bxb8 Rxb8 30. Nb1 Rc8 31. a3 c2 32. axb4 Nb3 33. Na3 Nxc1 34. Rxc1 Bb3 35. f4 Nb6 36. Kg1 Ba4 37. Kf2 Rc3 38. Nc4 Nxc4 39. dxc4 Rxc4 40. b5 Rb4 41. Ke3 Rxb5 42. Be4 Rb1 43. Rxb1 cxb1=Q 44. Bxb1 Bd1 45. Bd3 Bxh5 46. Kd4 Kf6 47. Bc2 g5 48. Ke3 Bg6 49. Bd1 Ke7 50. Be2 Kd6 51. Bb5 f6 52. Bc4 Be8 53. Bb3 Bc6 54. Bc4 e5 55. Bf7 exf4+ 56. gxf4 g4 57. Kf2 Ke7 58. Bg6 Ke6 59. Kg3 f5 60. Kh4 Kf6 61. Bh5 Bd5 62. Be8 Bf7 63. Bd7 Bg6 64. Bb5 Ke7 65. Bd3 Kd6 66. Kg3 Kd5 67. Bc2 Kd4 68. Bb3 Ke3 69. Bc2 h5 70. Bd1 Be8 71. Bb3 h4+ 72. Kxh4 Kxf4 73. Be6 Bc6 74. Bc4 Be4 75. Be2 g3 76. Kh3 g2 77. Kh2 Ke3 78. Bg4 Kf2 79. Bxf5 g1=Q+ 0-1

[Event "94th FRA-ch Open A 2019"]
[Site "Chartres"]
[Date "2019.08.24"]
[Round "8.5"]
[White "Caloone, Thomas"]
[Black "Rivalin, Kenny"]
[Result "0-1"]
[ECO "B56"]
[WhiteElo "2111"]
[BlackElo "2184"]
[Annotator "NA"]
[PlyCount "186"]
[EventDate "2019.08.17"]
[EventType "swiss"]
[EventCountry "FRA"]
[SourceTitle "playchess.com"]
[Source "ChessBase"]
[SourceQuality "1"]
[TimeControl "40/5400+30:1800+30"]

1. e4 c5 2. Nf3 d6 3. d4 cxd4 4. Nxd4 Nf6 5. Nc3 Nc6 6. g3 Bg4 7. f3 Bd7 8. Be3 g6 9. Bg2 Bg7 10. Nde2 b5 11. O-O b4 12. Nd5 O-O 13. a3 a5 14. axb4 axb4 15. Rxa8 Qxa8 16. Bg5 Qa7+ 17. Kh1 Nxd5 18. exd5 Na5 19. b3 Qc5 20. Qd2 Bf5 21. Nc1 Bxc2 22. Bxe7 Rc8 23. Bh3 Re8 24. Bxd6 Qxd6 25. Qxc2 Qxd5 26. Bg2 Bc3 27. Rd1 Qe6 28. f4 Nc6 29. Bd5 Nd4 30. Bxe6 Nxc2 31. Bh3 Ra8 32. Ne2 Ne3 33. Nxc3 bxc3 34. Rc1 Ra3 35. Kg1 Rxb3 36. Kf2 c2 37. Ke2 f5 38. Kd2 Kf7 39. Ra1 Rb1 40. Ra7+ Ke6 41. Rc7 Kd6 42. Rc3 Rd1+ 43. Kxe3 c1=Q+ 44. Rxc1 Rxc1 45. Bg2 Rc2 46. Kf3 Kd5 47. h4 Kd4 48. Bf1 Rc3+ 49. Kf2 h6 50. Bb5 Re3 51. Bd7 Re7 52. Bb5 Rc7 53. Bf1 Rc1 54. Bb5 Ke4 55. Ba4 Rc4 56. Bd1 Rc3 57. Ba4 Rf3+ 58. Kg2 Ra3 59. Be8 Ra6 60. h5 g5 61. fxg5 hxg5 62. Bg6 Ke5 63. g4 Ra2+ 64. Kg3 Ra3+ 65. Kg2 fxg4 66. h6 Rh3 67. h7 Kf4 68. Bb1 Rh6 69. Bg6 g3 70. Bc2 Rh2+ 71. Kg1 Kf3 72. Bd1+ Ke3 73. Bc2 Kd4 74. Bf5 Ke5 75. Bb1 Kf6 76. Be4 Kg7 77. Bf5 Rb2 78. Be4 Ra2 79. Bd3 Rh2 80. Be4 Kf6 81. Bd3 Ke6 82. Be4 Ke5 83. Bg6 Kd4 84. Bf5 Kc3 85. Bg6 Kd2 86. Bf5 Ke3 87. Bc2 Ke2 88. Be4 Ke3 89. Bc2 g2 90. Be4 Rh4 91. Bg6 Kf3 92. h8=Q Rxh8 93. Bh5+ Kg3 0-1

[Event "94th FRA-ch Open A 2019"]
[Site "Chartres"]
[Date "2019.08.24"]
[Round "8.6"]
[White "Girardon, Jerome"]
[Black "Da Silva, Quentin"]
[Result "1-0"]
[ECO "E71"]
[WhiteElo "2164"]
[BlackElo "2161"]
[Annotator "NA"]
[PlyCount "65"]
[EventDate "2019.08.17"]
[EventType "swiss"]
[EventCountry "FRA"]
[SourceTitle "playchess.com"]
[Source "ChessBase"]
[SourceQuality "1"]
[TimeControl "40/5400+30:1800+30"]

1. d4 Nf6 2. c4 g6 3. Nc3 Bg7 4. e4 d6 5. h3 O-O 6. Be3 e5 7. d5 Na6 8. g4 Nc5 9. Qc2 a5 10. Nf3 Re8 11. Nd2 h6 12. O-O-O Bd7 13. Kb1 c6 14. f3 a4 15. h4 cxd5 16. cxd5 Qc7 17. g5 Nh5 18. Bb5 Bf8 19. Nc4 Red8 20. Rc1 b6 21. gxh6 Bxb5 22. Nxb5 Qb8 23. Rhg1 Kh7 24. Qd2 Rd7 25. Rg5 Nf4 26. h5 Qd8 27. Rcg1 Bxh6 28. Bxf4 exf4 29. hxg6+ fxg6 30. Rxg6 Qf8 31. Nd4 Re8 32. Nf5 Bg7 33. Qh2+ 1-0

[Event "94th FRA-ch Open A 2019"]
[Site "Chartres"]
[Date "2019.08.25"]
[Round "9.1"]
[White "Spitz, Patrick"]
[Black "Aumont, Alexandre"]
[Result "0-1"]
[ECO "B06"]
[WhiteElo "2008"]
[BlackElo "2190"]
[Annotator "NA"]
[PlyCount "76"]
[EventDate "2019.08.17"]
[EventType "swiss"]
[EventCountry "FRA"]
[SourceTitle "playchess.com"]
[Source "ChessBase"]
[SourceQuality "1"]
[TimeControl "40/5400+30:1800+30"]

1. e4 g6 2. Nc3 Bg7 3. d4 d6 4. Be2 a6 5. h4 h5 6. Nf3 b5 7. Be3 Bb7 8. a3 Nd7 9. Qd3 c5 10. Rd1 cxd4 11. Bxd4 Ngf6 12. O-O O-O 13. Ng5 Rc8 14. f4 e5 15. Be3 exf4 16. Bxf4 Nc5 17. Qe3 Re8 18. Bf3 Bf8 19. e5 Qb6 20. Bxb7 Qxb7 21. Qg3 dxe5 22. Bxe5 Nfe4 23. Qf4 Nxg5 24. Qxg5 Ne4 25. Nxe4 Qxe4 26. Rde1 Qc6 27. c3 Re6 28. Bd4 Rce8 29. Rxe6 Rxe6 30. g4 hxg4 31. h5 Qe8 32. Qxg4 Bg7 33. Bxg7 Kxg7 34. Qd4+ Kh7 35. Rf2 gxh5 36. Qd5 Re1+ 37. Rf1 Qe3+ 38. Kg2 Re2+ 0-1

[Event "94th FRA-ch Open A 2019"]
[Site "Chartres"]
[Date "2019.08.25"]
[Round "9.2"]
[White "Haie, Arnaud"]
[Black "Girardon, Jerome"]
[Result "0-1"]
[ECO "A50"]
[WhiteElo "2130"]
[BlackElo "2164"]
[Annotator "NA"]
[PlyCount "212"]
[EventDate "2019.08.17"]
[EventType "swiss"]
[EventCountry "FRA"]
[SourceTitle "playchess.com"]
[Source "ChessBase"]
[SourceQuality "1"]
[TimeControl "40/5400+30:1800+30"]

1. d4 Nf6 2. c4 b6 3. Nc3 Bb7 4. f3 d5 5. cxd5 Nxd5 6. e4 Nxc3 7. bxc3 g6 8. Be3 Bg7 9. Qd2 Qd6 10. Bd3 Nd7 11. Ne2 c5 12. Bf4 e5 13. Bg3 O-O 14. d5 f5 15. c4 f4 16. Bf2 g5 17. Nc3 h5 18. Be2 Qg6 19. Qb2 Rf7 20. Nb5 Nf8 21. a4 a5 22. Nc3 Nd7 23. Nb5 g4 24. O-O-O Bh6 25. Be1 Rc8 26. Bc3 Bg7 27. Na3 Re8 28. Nb5 Rc8 29. Kb1 Re7 30. Rhg1 Rf8 31. Nc7 Qd6 32. Nb5 Qg6 33. Ka1 g3 34. hxg3 fxg3 35. Nc7 Qd6 36. Nb5 Qg6 37. Rh1 Bh6 38. Nc7 Rf6 39. Rd3 Bf4 40. Rhd1 Bc8 41. Qb5 Rd6 42. Qb2 Nf8 43. Nb5 Bd7 44. Rh1 Bxb5 45. Qxb5 Nd7 46. Qb2 Rh7 47. Ka2 h4 48. Rh3 Rh5 49. Rd1 Qf6 50. Rdh1 Rh6 51. Qb5 Qd8 52. Qb2 Qe7 53. Bd2 Qg5 54. Bc3 Nf8 55. Qb5 Qd8 56. Qb2 Ng6 57. Be1 Kh7 58. Qb5 Bg5 59. Bc3 Qd7 60. Qb3 Qe8 61. Bd1 Nf4 62. Qb2 Rdg6 63. Ka3 Nd3 64. Qe2 Nf2 65. Qb2 Bf4 66. Be2 Nxh1 67. Rxh1 h3 68. Bf1 hxg2 69. Bxg2 Qe7 70. Rg1 Be3 71. Rd1 Rh2 72. Bxe5 Rxg2 73. d6 Rxb2 74. dxe7 Re6 75. Rd7 Kg8 76. Bxb2 Bf4 77. e8=Q+ Rxe8 78. Rg7+ Kf8 79. Rg4 Bc7 80. Kb3 Re7 81. Bc1 Rh7 82. f4 Rh1 83. Be3 Rf1 84. Kc2 g2 85. e5 Ra1 86. Bc1 Rxa4 87. Kc3 b5 88. Rxg2 Rxc4+ 89. Kb2 a4 90. Rh2 a3+ 91. Kb1 b4 92. Re2 Rd4 93. f5 Rd5 94. Bh6+ Ke8 95. Bg7 b3 96. Re1 Kf7 97. Bh8 Kf8 98. Kc1 c4 99. e6 Rxf5 100. Bc3 Bd6 101. Rd1 Ke7 102. Re1 Rf2 103. Kb1 Rc2 104. Re3 Rxc3 105. Rxc3 a2+ 106. Ka1 Be5 0-1

[Event "94th FRA-ch Open A 2019"]
[Site "Chartres"]
[Date "2019.08.25"]
[Round "9.3"]
[White "Rivalin, Kenny"]
[Black "Droin, Augustin"]
[Result "1/2-1/2"]
[ECO "B90"]
[WhiteElo "2184"]
[BlackElo "2128"]
[Annotator "ChessBase"]
[PlyCount "83"]
[EventDate "2019.08.17"]
[EventType "swiss"]
[EventCountry "FRA"]
[SourceTitle "playchess.com"]
[Source "ChessBase"]
[SourceQuality "1"]
[TimeControl "40/5400+30:1800+30"]

1. e4 c5 2. Nf3 d6 3. d4 cxd4 4. Nxd4 Nf6 5. Nc3 a6 6. f3 e5 7. Nb3 Be6 8. Be3 h5 9. Qd2 Nbd7 10. Nd5 Bxd5 11. exd5 b6 12. c4 g6 13. Bd3 Bg7 14. O-O a5 15. Bg5 a4 16. Nc1 Qc7 17. Ne2 O-O 18. Nc3 Nc5 19. Rac1 Rfe8 20. Kh1 Nh7 21. Be3 f5 22. Bc2 Qd7 23. Qd1 e4 24. Bxc5 Bxc3 25. Bd4 Bxd4 26. Qxd4 exf3 27. gxf3 Rab8 28. Rg1 Nf8 29. Qf6 Kh7 30. Rg5 Qg7 31. Qxd6 Rbd8 32. Qxb6 Rb8 33. Qc6 Re2 34. Bxf5 Rbxb2 35. Bxg6+ Nxg6 36. Rxh5+ Kg8 37. Rg1 Rxh2+ 38. Rxh2 Rxh2+ 39. Kxh2 Qh6+ 40. Kg2 Qg5+ 41. Kf1 Qc1+ 42. Kf2 1/2-1/2

[Event "94th FRA-ch Open A 2019"]
[Site "Chartres"]
[Date "2019.08.25"]
[Round "9.4"]
[White "Burille, Matthieu"]
[Black "Guignier, Nicolas"]
[Result "1/2-1/2"]
[ECO "C78"]
[WhiteElo "2174"]
[BlackElo "2151"]
[Annotator "NA"]
[PlyCount "112"]
[EventDate "2019.08.17"]
[EventType "swiss"]
[EventCountry "FRA"]
[SourceTitle "playchess.com"]
[Source "ChessBase"]
[SourceQuality "1"]
[TimeControl "40/5400+30:1800+30"]

1. e4 e5 2. Nf3 Nc6 3. Bb5 a6 4. Ba4 b5 5. Bb3 Nf6 6. O-O d6 7. d3 Na5 8. Nc3 Nxb3 9. axb3 b4 10. Ne2 c5 11. Ng3 Be7 12. Nd2 O-O 13. Nc4 a5 14. h3 Ra6 15. Ra2 Be6 16. Qf3 Qd7 17. Bg5 h6 18. Bxf6 Bxf6 19. Rfa1 Rfa8 20. Nf5 d5 21. Nce3 dxe4 22. dxe4 Kh7 23. Rd1 Qc8 24. Nd5 Bd8 25. Nfe3 a4 26. Rxa4 Rxa4 27. bxa4 Rxa4 28. Nc4 Qa6 29. b3 Ra2 30. Qd3 f6 31. Kh2 Qa7 32. g3 Be7 33. Kg2 Bf8 34. g4 Qf7 35. Rd2 Qg6 36. f4 Bc8 37. f5 Qg5 38. Qe3 Ba6 39. Qxg5 hxg5 40. Nce3 c4 41. Rf2 cxb3 42. cxb3 Rxf2+ 43. Kxf2 Bd3 44. Kf3 Bc5 45. Nc4 Bxc4 46. bxc4 b3 47. Ke2 b2 48. Nc3 Bd4 49. Nb1 Kg8 50. Kd3 Kf8 51. Kc2 Ke7 52. Nd2 Kd6 53. Nb3 Bc3 54. Kb1 Kc6 55. Kc2 Kd6 56. Kb1 Kc6 1/2-1/2

[Event "94th FRA-ch Open A 2019"]
[Site "Chartres"]
[Date "2019.08.25"]
[Round "9.5"]
[White "Vedovotto, Nicolas"]
[Black "Nguyen-Cadoret, Nathan"]
[Result "1/2-1/2"]
[ECO "A00"]
[WhiteElo "2199"]
[BlackElo "2122"]
[Annotator "NA"]
[PlyCount "66"]
[EventDate "2019.08.17"]
[EventType "swiss"]
[EventCountry "FRA"]
[SourceTitle "playchess.com"]
[Source "ChessBase"]
[SourceQuality "1"]
[TimeControl "40/5400+30:1800+30"]

1. Nc3 e5 2. Nf3 Nc6 3. d4 exd4 4. Nxd4 Nf6 5. Bg5 Bb4 6. Qd3 O-O 7. a3 Bc5 8. Nf3 Be7 9. e3 h6 10. Bh4 d6 11. O-O-O a6 12. Nd4 Nxd4 13. Qxd4 Be6 14. e4 b5 15. e5 dxe5 16. Qxe5 Bd6 17. Qd4 g5 18. Bg3 Bxg3 19. hxg3 Qxd4 20. Rxd4 Kg7 21. Bd3 Rad8 22. Rxd8 Rxd8 23. Ne4 Nxe4 24. Bxe4 a5 25. c3 c5 26. Rd1 Rxd1+ 27. Kxd1 b4 28. cxb4 cxb4 29. axb4 axb4 30. Kd2 Kf6 31. f4 Ke7 32. Kd3 Kd6 33. Kd4 f6 1/2-1/2

[Event "94th FRA-ch Open A 2019"]
[Site "Chartres"]
[Date "2019.08.25"]
[Round "9.6"]
[White "Derige Kane, Yan"]
[Black "Bordais, Benjamin"]
[Result "1-0"]
[ECO "D27"]
[WhiteElo "2156"]
[BlackElo "2137"]
[Annotator "ChessBase"]
[PlyCount "65"]
[EventDate "2019.08.17"]
[EventType "swiss"]
[EventCountry "FRA"]
[SourceTitle "playchess.com"]
[Source "ChessBase"]
[SourceQuality "1"]
[TimeControl "40/5400+30:1800+30"]

1. d4 d5 2. c4 dxc4 3. e3 a6 4. Bxc4 Nf6 5. Nf3 e6 6. O-O c5 7. b3 Be7 8. Bb2 O-O 9. Nbd2 cxd4 10. Nxd4 b5 11. Be2 Ra7 12. N2f3 Bb7 13. a4 b4 14. Rc1 Qd6 15. Rc2 Ne4 16. Qc1 Bd5 17. Rd1 Rd7 18. Nd2 Qe5 19. f4 Qf6 20. N2f3 Qh6 21. Ne5 Rdd8 22. Ndf3 f6 23. Nc4 Nd7 24. Na5 Ndc5 25. Bc4 Bxc4 26. Rxc4 Rxd1+ 27. Qxd1 f5 28. Nc6 Bh4 29. g3 Bf6 30. Bd4 Nd7 31. Bxf6 Ndxf6 32. Nfe5 Nd5 33. Qxd5 1-0